 Dungeon Crawl Stone Soup version 0.29.1-15-g9cfb28693d (webtiles) character file.

Game seed: 17561582018105419409

1641 promet the Slicer (level 9, -18/54 HPs)
             Began as a Kobold Wanderer on Mar 13, 2023.
             Was an Initiate of Nemelex Xobeh.
             Killed from afar by a steam dragon (24 damage)
             ... with a ball of steam
             ... on level 6 of the Dungeon.
             The game lasted 00:50:31 (9301 turns).

promet the Slicer (Kobold Wanderer)                 Turns: 9301, Time: 00:50:38

Health: -18/54     AC:  6    Str: 11    XL:     9   Next: 18%
Magic:  9/9        EV: 17    Int: 14    God:    Nemelex Xobeh [......]
Gold:   588        SH:  0    Dex: 35    Spells: 5/8 levels left

rFire   . . .      SeeInvis .   a - +1 rapier
rCold   . . .      Faith    .   (no shield)
rNeg    . . .      Spirit   .   x - +0 leather armour
rPois   .          Reflect  .   y - +0 hat of the Gloaming {Dex+7}
rElec   .          Harm     .   c - +1 cloak
rCorr   .          Rampage  .   B - +0 pair of gloves
Will    .....                   (no boots)
Stlth   ++++++....              (no amulet)
HPRegen 0.18/turn               z - +6 ring of dexterity
MPRegen 0.11/turn               A - +6 ring of dexterity

@: no status effects
A: small, no large weapons, nightstalker 3
a: Renounce Religion, Draw Escape, Draw Destruction, Draw Summoning


You were on level 6 of the Dungeon.
You worshipped Nemelex Xobeh.
Nemelex Xobeh was noncommittal.
You visited 1 branch of the dungeon, and saw 6 of its levels.

You collected 1579 gold pieces.
You spent 991 gold pieces at shops.

Inventory:

Hand Weapons
 a - a +1 rapier (weapon)
 b - a +0 sling
 o - a +4 club
 q - a +0 long sword
 r - a +0 spear
Missiles
 h - 67 stones
 k - an atropa-tipped dart
 t - 11 poisoned darts (quivered)
 v - 3 boomerangs
Armour
 c - a +1 cloak (worn)
 g - a +1 helmet
 u - the +0 cloak of Jecvyrev {rN+}
   (You bought it in a shop on level 2 of the Dungeon)

   rN:        It protects you from negative energy.
 x - a +0 leather armour (worn)
 y - the +0 hat of the Gloaming (worn) {Dex+7}
   (You acquired it on level 4 of the Dungeon)

   Dex:       It affects your dexterity (+7).
 B - a +0 pair of gloves (worn)
 G - a +0 kite shield
Jewellery
 p - a ring of resist corrosion
 z - a +6 ring of dexterity (left hand)
 A - a +6 ring of dexterity (right hand)
 H - a ring of fire
Wands
 D - a wand of flame (29)
Scrolls
 d - 2 scrolls of blinking
 e - a scroll of magic mapping
 w - a scroll of enchant weapon
Potions
 f - a potion of mutation {unknown}
 i - a potion of ambrosia {unknown}
 j - a potion of curing
 l - 2 potions of attraction
 m - 2 potions of heal wounds {unknown}
 s - a potion of might {unknown}
 C - 3 potions of haste {unknown}
 F - a potion of lignification {unknown}


   Skills:
 * Level 5.3 Fighting
 + Level 8.2 Short Blades
 + Level 2.0 Polearms
 + Level 1.6 Ranged Weapons
 + Level 2.9 Throwing
 + Level 3.1 Armour
 + Level 2.9 Dodging
 + Level 8.2 Stealth
 + Level 2.0 Evocations


You had 5 spell levels left.
You knew the following spells:

 Your Spells              Type           Power      Damage    Failure   Level
a - Dazzling Flash        Conj/Hex       0%         N/A       73%         3

Your spell library contained the following spells:

 Spells                   Type           Power      Damage    Failure   Level
 Agony                    Necr           0%         N/A       100%        5
 Silence                  Hex/Air        0%         N/A       100%        5
 Summon Forest            Summ/Tloc      0%         N/A       100%        5
 Eringya's Noxious Bog    Tmut/Pois      0%         N/A       100%        6
 Summon Hydra             Summ           0%         N/A       100%        7


Dungeon Overview and Level Annotations

Branches:
Dungeon (6/15)             Temple (0/1) D:6

Altars:
Ashenzari
Elyvilon
Fedhas
Hepliaklqana
Nemelex Xobeh
Wu Jian
The Shining One

Shops:
D:2 !?=[


Innate Abilities, Weirdness & Mutations

You are small and have problems with some larger weapons.
You are completely attuned to the shadows.


Message History

You open the door.
There is an open door here.
Found a stone staircase leading down.
There is an open door here.
You open the door.
A steam dragon comes into view.
The steam dragon hisses angrily.
The steam dragon breathes steam at you. The ball of steam hits you!
There is an open door here.
You puncture the steam dragon!
The steam dragon is moderately wounded.
You are engulfed in a cloud of scalding steam.
The steam dragon bites you but does no damage.
The steam dragon closely misses you.
The steam dragon bites you but does no damage.
The steam dragon barely misses you.
You barely miss the steam dragon.
The steam dragon is moderately wounded.
The steam dragon breathes steam at you. The ball of steam hits you!
You feel better.
You are engulfed in a cloud of scalding steam.
The steam dragon barely misses you. The steam dragon misses you.
You hit the steam dragon.
The steam dragon is heavily wounded.
You are engulfed in a cloud of scalding steam.
* * * LOW HITPOINT WARNING * * *
You hit the steam dragon.
The steam dragon is heavily wounded.
You are engulfed in a cloud of scalding steam.
* * * LOW HITPOINT WARNING * * *
The steam dragon completely misses you. The steam dragon misses you.
You feel better.
You are engulfed in a cloud of scalding steam.
* * * LOW HITPOINT WARNING * * *
The steam dragon breathes steam at you. The ball of steam hits you!!
You die...
Your body disappears without a glow.

##### ######...####.##...####...
....####.####...####.##...####...
.......'..........'..............
.......#..........#..............
.......#..........#.....>........
.##...#######.....######+####....
###...# ####'###. ##### #..>.#
...D..... #....# ....@.§.. #....#
.....§... ###### #########


You could see a steam dragon (catching breath).

Vanquished Creatures
  Grinder (D:6)
  A steam dragon (D:6)
  A water moccasin (D:5)
  Duvessa (D:5)
  A sky beast (D:6)
  A centaur (D:6)
  2 ogres (D:5)
  A phantom (D:6)
  3 scorpions (D:6)
  Dowan (D:5)
  A jelly (D:6)
  4 hounds
  An orc priest (D:5)
  2 iguanas
  An orc wizard (D:6)
  Robin (D:2)
  4 adders
  2 white imps
  An ufetubus (D:4)
  A dart slug (D:2)
  9 orcs
  9 endoplasms
  2 giant cockroaches
  19 goblins
  5 hobgoblins
  2 jackals (D:1)
  7 kobolds
  2 quokkas (D:3)
  8 ball pythons
  5 bats
  2 frilled lizards
  4 rats
105 creatures vanquished.

Vanquished Creatures (collateral kills)
  A hound (D:5)
  An iguana (D:5)
2 creatures vanquished.

Grand Total: 107 creatures vanquished

Notes
Turn   | Place    | Note
-------+----------+-------------------------------------------
     0 | D:1      | promet the Kobold Wanderer began the quest for the Orb.
     0 | D:1      | promet set off with the following items: a +0 rapier, a +0
                  | spear, a +0 cloak, a scroll of blinking, a +0 robe.
     0 | D:1      | Reached XP level 1. HP: 12/12 MP: 1/1
   288 | D:1      | Reached XP level 2. HP: 4/16 MP: 2/2
  1126 | D:1      | Reached XP level 3. HP: 21/21 MP: 3/3
  1328 | D:2      | Noticed Robin
  1918 | D:2      | Killed Robin
  1919 | D:2      | Reached XP level 4. HP: 23/26 MP: 4/4
  1964 | D:2      | Found Jinit's Antique Armour Boutique.
  2287 | D:2      | Found Ojuur's Distillery.
  2451 | D:2      | Found Agiudan's Magic Scroll Emporium.
  2611 | D:2      | Found Focophytil's Jewellery Emporium.
  3360 | D:3      | Reached skill level 5 in Short Blades
  3447 | D:3      | Reached XP level 5. HP: 31/31 MP: 5/5
  3651 | D:3      | Found a hazy altar of Hepliaklqana.
  3866 | D:3      | Identified a scroll of acquirement
  3866 | D:3      | Acquired 1217 gold pieces
  3936 | D:2      | Bought a transparent cloak for 199 gold pieces
  3936 | D:2      | Identified the +0 cloak of Jecvyrev {rN+} (You bought it in
                  | a shop on level 2 of the Dungeon)
  4006 | D:2      | Found Focophytil's Jewellery Emporium.
  4011 | D:2      | Bought a +6 ring of dexterity for 396 gold pieces
  4011 | D:2      | Bought a +6 ring of dexterity for 396 gold pieces
  4217 | D:2      | Found Ojuur's Distillery.
  4227 | D:2      | Found Agiudan's Magic Scroll Emporium.
  5364 | D:4      | Noticed an ogre
  5970 | D:4      | Found a glowing golden altar of the Shining One.
  6278 | D:4      | Found a blossoming altar of Fedhas.
  6389 | D:5      | Entered Level 5 of the Dungeon
  6519 | D:5      | Noticed a water moccasin
  6733 | D:4      | Acquired the +0 hat of the Gloaming {Dex+7}
  6830 | D:5      | Reached skill level 1 in Dodging
  6830 | D:5      | Reached XP level 6. HP: 27/36 MP: 6/6
  7100 | D:5      | Noticed Duvessa
  7101 | D:5      | Noticed Dowan
  7102 | D:5      | Killed Duvessa
  7103 | D:5      | Noticed an ogre
  7450 | D:5      | Killed a water moccasin
  7451 | D:5      | Reached skill level 1 in Ranged Weapons
  7451 | D:5      | Reached skill level 5 in Stealth
  7451 | D:5      | Reached XP level 7. HP: 41/41 MP: 7/7
  7588 | D:5      | Reached skill level 1 in Throwing
  7620 | D:5      | Killed Dowan
  7818 | D:5      | Found a sparkling altar of Nemelex Xobeh.
  7897 | D:5      | Became a worshipper of Nemelex Xobeh the Trickster
  7963 | D:5      | Reached XP level 8. HP: 34/48 MP: 8/8
  8155 | D:5      | Found an ornate altar of the Wu Jian Council.
  8327 | D:6      | Found a broken altar of Ashenzari.
  8335 | D:6      | Found a staircase to the Ecumenical Temple.
  8352 | D:6      | Learned a level 3 spell: Dazzling Flash
  8820 | D:6      | Found a white marble altar of Elyvilon.
  8826 | D:6      | Noticed Grinder
  8828 | D:6      | Killed Grinder
  8829 | D:6      | Reached skill level 5 in Fighting
  8829 | D:6      | Reached XP level 9. HP: 54/54 MP: 9/9
  9301 | D:6      | Killed from afar by a steam dragon

Illustrated notes

Levels and vault maps discovered:
D:1:      enne_arrival_octagon_isle, layout_loops_ring,
          chequers_serial_rivers_large_a, nrook_mini_backslash, st_stairs_8
D:2:      layout_loops_ring, serial_shops, shop, nicolae_shop_statue_plus, shop,
          shop, uniq_robin
D:3:      layout_basic, mainiacjoe_overflow_concentric_impassable
D:4:      layout_loops_cross, fedhas_altar_fruit_tree,
          overflow_temple_1_default, skrybe_limestone_x,
          chequers_serial_rivers_room_a
D:5:      layout_rooms, nemelex_altar_shiori, kennysheep_mini_moat,
          grunt_ministairs_7, dreamdust_princess_corridor,
          nicolae_elevator_lobby_plus, uniq_duvessa
D:6:      layout_gridville, nicolae_elyvilon_peaceful_grove,
          mainiacjoe_overflow_six_doors_small, minmay_temple_entry_offerings,
          uniq_grinder

Skill      XL: |  1  2  3  4  5  6  7  8  9 |
---------------+----------------------------+-----
Polearms       | 2 |  2.0
Stealth        | 2 3 4 5 7 8 |  8.2
Fighting       | 2 3 4 5 |  5.3
Short Blades   | 5 6 7 8 |  8.2
Dodging        | 1 2 |  2.9
Armour         | 2 3 |  3.1
Ranged Weapons | 1 |  1.6
Throwing       | 1 2 |  2.9
Evocations     | 2 |  2.0

Action                   |  1- 3 |  4- 6 |  7- 9 || total
-------------------------+-------+-------+-------++-------
Melee: Rapier            |    79 |   123 |    74 ||   276
       Punch             |     1 |     2 |       ||     3
 Fire: Sling             |       |     2 |       ||     2
Throw: Dart              |       |     7 |    12 ||    19
       Stone             |       |       |     1 ||     1
Evoke: Wand              |       |       |     4 ||     4
  Use: Scroll            |     3 |    11 |     4 ||    18
       Potion            |       |       |     3 ||     3
 Stab: Sleeping          |    14 |    14 |     8 ||    36
       Distracted        |     1 |     2 |       ||     3
       Invisible         |       |     1 |     1 ||     2
Armor: Robe              |    23 |    21 |       ||    44
       Leather armour    |       |     9 |    14 ||    23
Dodge: Dodged            |    45 |    59 |    57 ||   161
